 Dungeon Crawl Stone Soup version 0.23.1-38-g628c18f (console) character file.

Game seed: 11444185000475046901

15218 fly the Fencer (level 12, -1/70 HPs)
             Began as a Tengu Fighter on Mar 28, 2019.
             Was the Champion of Okawaru.
             Slain by a freezing wraith (6 damage)
             ... in an ice cave.
             The game lasted 00:27:12 (12032 turns).

fly the Fencer (Tengu Fighter)                     Turns: 12032, Time: 00:27:13

Health: -1/70      AC: 17    Str: 22    XL:     12   Next: 24%
Magic:  13/13      EV:  5    Int:  8    God:    Okawaru [******]
Gold:   337        SH: 12    Dex: 21    Spells: 11/11 levels left

rFire    . . .     SeeInvis .   a - +5 scimitar
rCold    . . .     Gourm    .   v - +0 shield
rNeg     . . .     Faith    .   y - +0 plate armour
rPois    +         Spirit   .   (helmet restricted)
rElec    .         Reflect  .   q - +1 cloak {rPois}
rCorr    .         Harm     .   r - +0 pair of gloves
MR       .....                  (boots unavailable)
Stlth    ..........             H - amulet of regeneration
HPRegen  0.61/turn              I - +2 ring of dexterity
MPRegen  0.13/turn              x - +5 ring of strength

@: no status effects
A: beak, talons 3, able to fly
a: Fly, Heroism, Finesse, Renounce Religion


You were in an ice cave.
You worshipped Okawaru.
Okawaru was exalted by your worship.
You were hungry.

You visited 3 branches of the dungeon, and saw 14 of its levels.
You also visited: Ossuary, Ice Cave and Volcano.

You collected 433 gold pieces.
You spent 96 gold pieces at shops.

Inventory:

Hand Weapons
 a - a +5 scimitar (weapon)
 b - a +0 dagger of venom
 c - a +4 quarterstaff of chaos
Missiles
 t - 5 curare-tipped needles
Armour
 q - a +1 cloak of poison resistance (worn)
 r - a +0 pair of gloves (worn)
 v - a +0 shield (worn)
 y - a +0 plate armour (worn)
Jewellery
 x - a +5 ring of strength (right hand)
 H - an amulet of regeneration (around neck)
 I - a +2 ring of dexterity (left hand)
Scrolls
 e - a scroll of magic mapping
 g - 3 scrolls of fog {unknown}
 k - 5 scrolls of teleportation
 m - a scroll of random uselessness {unknown}
 n - a scroll of remove curse
 A - a scroll of acquirement {unknown}
 B - 4 scrolls of immolation
 C - a scroll of summoning {unknown}
 F - 2 scrolls of fear {unknown}
Potions
 d - 10 potions of curing
 h - 4 potions of agility
 i - 2 potions of might
 j - 2 potions of lignification
 l - a potion of resistance
 s - a potion of brilliance {unknown}
 u - 2 potions of heal wounds
 w - 3 potions of haste
 D - a potion of ambrosia {unknown}
 J - a potion of cancellation {unknown}
Miscellaneous
 p - a fan of gales
Comestibles
 f - 21 rations


   Skills:
 - Level 6.0 Fighting
 + Level 15.8 Long Blades
 - Level 9.0 Armour
 - Level 9.0 Shields


You had 11 spell levels left.
You didn't know any spells.
Your spell library contained the following spells:

 Spells                   Type           Power        Failure   Level  Hunger
 Animate Skeleton         Necr           N/A          100%        1    ##.....
 Apportation              Tloc           #.....       100%        1    ##.....
 Confusing Touch          Hex            #.....       100%        1    ##.....
 Corona                   Hex            #......      100%        1    ##.....
 Summon Small Mammal      Summ           #...         100%        1    ##.....
 Slow                     Hex            #.......     100%        2    ###....
 Inner Flame              Hex/Fire       #.......     100%        3    ####...
 Portal Projectile        Hex/Tloc       #.....       100%        3    ####...
 Cause Fear               Hex            #.........   100%        4    #####..
 Leda's Liquefaction      Hex/Erth       #.........   100%        4    #####..


Dungeon Overview and Level Annotations

Branches:
Dungeon (9/15)             Temple (1/1) D:5            Lair (4/6) D:9
  Swamp (0/4) Lair:2        Snake (0/4) Lair:2
    Orc: D:9-12

Altars:
Ashenzari
Cheibriados
Dithmenos
Elyvilon
Fedhas
Gozag
Hepliaklqana
Kikubaaqudgha
Makhleb
Nemelex Xobeh
Okawaru
Qazlal
Ru
Sif Muna
Trog
Uskayaw
Vehumet
Wu Jian
Xom
Yredelemnul
Zin
The Shining One

Shops:
D:6 !

Annotations:
Lair:2 3 runed translucent doors, ThisFiasco's ghost, journeyman DEEE


Innate Abilities, Weirdness & Mutations

You have a beak for a mouth.
You have claws for feet.
You can fly continuously.


Message History

The freezing wraith hits you. The freezing wraith freezes you!
The freezing wraith hits you but does no damage.
You hit the freezing wraith but do no damage.
You claw the freezing wraith, but do no damage.
You peck the freezing wraith, but do no damage.
The freezing wraith is severely damaged.
You block the freezing wraith's attack. x2
Unknown command.
You closely miss the freezing wraith.
You claw the freezing wraith, but do no damage.
The freezing wraith is severely damaged.
The freezing wraith hits you. The freezing wraith freezes you!!
* * * LOW HITPOINT WARNING * * *
You block the freezing wraith's attack.
Unknown command.
Your plate armour prevents you from hitting the freezing wraith.
You claw the freezing wraith, but do no damage.
The freezing wraith is moderately damaged.
The freezing wraith hits you.
You die...

#..##...##
##.####...## #...
##..# ##...## ....
#..## ##...# ....Y
##..# ##..## ...W.
#..## ######..#
#....W ##..#
##...###.##
#.....##..##
##..W..##..#
#.....#..#
#..@#...#..#
#...##
#..####....# ##.##
##..# ##...# ###
##..## ##.##
##...# ###
##....## # ####
#......#
#####..####.....##
..##....##.......#


You could see a freezing wraith.

Vanquished Creatures
  A hydra (Lair:1)
  An elephant (Lair:4)
  A molten gargoyle (Volcano)
  2 gargoyles (Volcano)
  2 spiny frogs
  A komodo dragon (D:9)
  2 rime drakes (Lair:4)
  4 freezing wraiths (IceCv)
  5 polar bears (Lair:4)
  A wolf spider simulacrum (IceCv)
  5 blink frogs
  Grinder (D:5)
  Sigmund (D:5)
  2 wraiths (Ossuary)
  7 yaks
  A human (D:7)
  3 hogs (D:7)
  A fire elemental (Volcano)
  A hungry ghost (D:9)
  Edmund (D:5)
  3 nagas
  5 porcupines
  4 orc warriors
  2 sky beasts
  3 phantoms (D:8)
  2 centaurs (D:6)
  10 ice beasts
  7 ogres
  2 crocodiles
  A big kobold (D:7)
  Blork the orc (D:5)
  4 bullfrogs
  A water moccasin skeleton (D:6)
  2 scorpions
  5 killer bees (D:7)
  A swamp dragon simulacrum (IceCv)
  8 wights
  6 howler monkeys
  3 electric eels
  A bullfrog zombie (D:8)
  A centaur zombie (D:5)
  A quasit (D:5)
  A crimson imp (D:8)
  Crazy Yiuf (D:2)
  3 hounds
  A centaur skeleton (D:7)
  3 orc priests
  4 jellies
  10 orc wizards
  Terence (D:2)
  Jessica (D:2)
  3 bullfrog skeletons
  An iguana (D:8)
  4 worker ants
  2 polar bear simulacra (IceCv)
  A hound skeleton (D:7)
  4 gnolls
  10 adders
  3 shadow imps
  5 white imps (IceCv)
  An adder zombie (Ossuary)
  5 worms
  2 leopard geckos
  24 orcs
  3 bats
  9 giant cockroaches
  3 goblins
  5 hobgoblins
  19 jackals
  6 kobolds
  6 quokkas
  A ball python (D:5)
  2 ball python skeletons (Ossuary)
  7 frilled lizards
  A giant cockroach zombie (D:6)
  A hobgoblin zombie (Ossuary)
  A jackal skeleton (D:9)
  2 leopard gecko zombies
  3 orc zombies (Ossuary)
  A quokka skeleton (D:4)
  6 rats
282 creatures vanquished.

Vanquished Creatures (others)
  A fungus (Lair:4)
  5 plants (D:9)
6 creatures vanquished.

Grand Total: 288 creatures vanquished

Notes
Turn   | Place    | Note
-------+----------+-------------------------------------------
     0 | D:1      | fly the Tengu Fighter began the quest for the Orb.
     0 | D:1      | Reached XP level 1. HP: 14/14 MP: 2/2
    75 | D:1      | Reached XP level 2. HP: 16/19 MP: 3/3
   296 | D:1      | Reached skill level 3 in Long Blades
   430 | D:1      | Reached XP level 3. HP: 23/23 MP: 4/4
   829 | D:2      | Noticed Jessica
   835 | D:2      | Killed Jessica
   847 | D:2      | Noticed Terence
   860 | D:2      | Killed Terence
   860 | D:2      | Reached XP level 4. HP: 18/28 MP: 5/5
   953 | D:2      | Found a runed translucent door.
   954 | D:2      | Noticed Crazy Yiuf
  1061 | D:2      | Found a faded altar of an unknown god.
  1084 | D:2      | Reached skill level 4 in Long Blades
  1268 | D:2      | Killed Crazy Yiuf
  1268 | D:2      | Reached skill level 5 in Armour
  1268 | D:2      | Gained mutation: You can fly continuously. [Tengu growth]
  1268 | D:2      | Reached XP level 5. HP: 9/32 MP: 6/6
  1813 | D:3      | Reached XP level 6. HP: 35/37 MP: 7/7
  1898 | D:3      | Reached skill level 5 in Long Blades
  2660 | D:3      | Reached skill level 6 in Long Blades
  2839 | D:4      | Reached XP level 7. HP: 41/41 MP: 8/8
  2978 | D:4      | Found a shattered altar of Ashenzari.
  2998 | D:4      | Reached skill level 7 in Long Blades
  3218 | D:5      | Entered Level 5 of the Dungeon
  3235 | D:5      | Noticed Grinder
  3272 | D:5      | Killed Grinder
  3272 | D:5      | Reached skill level 8 in Long Blades
  3272 | D:5      | Reached XP level 8. HP: 35/46 MP: 9/9
  3288 | D:5      | Found a sand-covered staircase.
  3420 | Ossuary  | Entered an ossuary
  3523 | Ossuary  | Noticed a flying skull
  3523 | Ossuary  | Noticed a wraith
  3529 | Ossuary  | Noticed a flying skull
  3532 | Ossuary  | Noticed a flying skull
  3569 | Ossuary  | Reached skill level 9 in Long Blades
  3575 | Ossuary  | Noticed a flying skull
  3583 | Ossuary  | Noticed a wraith
  3600 | Ossuary  | Killed a wraith
  3759 | Ossuary  | Noticed a wraith
  3770 | Ossuary  | Killed a wraith
  3770 | Ossuary  | Reached skill level 10 in Long Blades
  3977 | D:5      | Found a burning altar of Makhleb.
  3979 | D:5      | Noticed Blork the orc
  3987 | D:5      | Killed Blork the orc
  4159 | D:5      | Found a sparkling altar of Nemelex Xobeh.
  4190 | D:5      | Reached skill level 11 in Long Blades
  4190 | D:5      | Reached XP level 9. HP: 50/50 MP: 10/10
  4233 | D:5      | Noticed Sigmund
  4246 | D:5      | Killed Sigmund
  4394 | D:5      | Found a staircase to the Ecumenical Temple.
  4457 | D:5      | Noticed Edmund
  4468 | D:5      | Killed Edmund
  4571 | Temple   | Entered the Ecumenical Temple
  4784 | D:6      | Found an iron altar of Okawaru.
  4799 | D:6      | Became a worshipper of Warmaster Okawaru
  4803 | D:6      | Reached skill level 12 in Long Blades
  5296 | D:6      | Reached * piety under Okawaru
  6187 | D:6      | Found Suwnegot's Distillery.
  6190 | D:6      | Bought a potion of heal wounds for 60 gold pieces
  6190 | D:6      | Bought a potion of curing for 36 gold pieces
  6682 | D:7      | Reached XP level 10. HP: 56/56 MP: 11/11
  6799 | D:7      | Reached skill level 5 in Shields
  7122 | D:7      | Reached ** piety under Okawaru
  7746 | D:8      | Reached *** piety under Okawaru
  8663 | D:9      | Found a burning altar of Makhleb.
  8665 | D:9      | Found a white marble altar of Elyvilon.
  8667 | D:9      | Found a hazy altar of Hepliaklqana.
  8695 | D:9      | Found a staircase to the Lair.
  8984 | D:9      | Reached **** piety under Okawaru
  8984 | D:9      | Reached skill level 5 in Fighting
  8984 | D:9      | Reached XP level 11. HP: 46/64 MP: 12/12
  9141 | Lair:1   | Entered Level 1 of the Lair of Beasts
  9322 | Lair:1   | Noticed a five-headed hydra
  9336 | Lair:1   | Killed a five-headed hydra
  9455 | Lair:1   | Noticed an eight-headed hydra
  9480 | Lair:2   | Found a staircase to the Snake Pit.
  9497 | Lair:1   | Reached ***** piety under Okawaru
  9500 | Lair:1   | Reached skill level 13 in Long Blades
  9633 | Lair:1   | Got a slimy long sword
  9709 | Lair:2   | Identified the cursed +3 long sword of Hubris {slice, Int+5
                  | Stlth-} (You found it on level 1 of the Lair of Beasts)
  9933 | Lair:2   | HP: 3/64 [blink frog (5)]
  9935 | Lair:2   | Found a dark tunnel.
  9954 | Volcano  | Entered a volcano
 11256 | Lair:2   | Reached skill level 14 in Long Blades
 11283 | Lair:2   | Found a runed translucent gate.
 11284 | Lair:2   | Found a runed translucent gate.
 11286 | Lair:2   | Found a runed translucent gate.
 11286 | Lair:2   | Noticed ThisFiasco's ghost (journeyman DEEE)
 11330 | Lair:2   | You are sucked into a shaft for 2 floors!
 11543 | Lair:4   | Reached skill level 15 in Long Blades
 11543 | Lair:4   | Reached XP level 12. HP: 66/70 MP: 13/13
 11565 | Lair:4   | Found a frozen archway.
 11569 | Lair:4   | Reached ****** piety under Okawaru
 11611 | IceCv    | Entered an ice cave
 11616 | IceCv    | Received a gift from Okawaru
 12032 | IceCv    | Slain by a freezing wraith

Skill      XL: |  1  2  3  4  5  6  7  8  9 10 11 |
---------------+----------------------------------+-----
Long Blades    | 3 4 6 8 11 12 15 | 15.8
Armour         | 4 5 6 9 |  9.0
Shields        | 4 9 |  9.0
Fighting       | 5 6 |  6.0

Action                   |  1- 3 |  4- 6 |  7- 9 | 10-12 || total
-------------------------+-------+-------+-------+-------++-------
Melee: Long sword        |    62 |   106 |   285 |     7 ||   460
       Kick              |    18 |    58 |   118 |   209 ||   403
       Peck              |     5 |    27 |    81 |    99 ||   212
       Dagger            |       |    55 |       |     3 ||    58
       Quarterstaff      |       |       |     2 |     5 ||     7
       Scimitar          |       |       |     7 |   408 ||   415
 Abil: Fly               |       |       |       |     2 ||     2
       Stop Flying       |       |       |       |     2 ||     2
  Use: Potion            |       |     1 |       |     6 ||     7
       Scroll            |       |     9 |     3 |    10 ||    22
  Eat: Chunk             |       |     6 |    11 |    13 ||    30
       Ration            |       |       |       |     2 ||     2
Armor: Scale mail        |    24 |     9 |    16 |       ||    49
       Plate armour      |       |    66 |   109 |   211 ||   386
Dodge: Dodged            |    21 |    20 |    36 |    73 ||   150
Block: Shield            |    28 |    81 |   108 |   208 ||   425
       Rpst.: Long sword |     5 |     4 |     9 |       ||    18
       Scimitar          |       |       |     1 |    15 ||    16
